 Dungeon Crawl Stone Soup version 0.22-a0-608-g8a62e23 (webtiles) character file.

46 sking99 the Ruffian (level 3, 0/29 HPs)
             Began as a Draconian Transmuter on July 9, 2018.
             Slain by Sigmund
             ... wielding a +0 scythe
              (14 damage)
             ... on level 2 of the Dungeon.
             The game lasted 00:01:53 (1111 turns).

sking99 the Ruffian (Draconian Transmuter)          Turns: 1111, Time: 00:01:53

Health: 0/29       AC:  5    Str: 12    XL:     3   Next: 46%
Magic:  6/6        EV: 12    Int: 14    God:
Gold:   42         SH:  0    Dex: 11    Spells: 5/6 levels left

rFire    . . .     SeeInvis .     - Unarmed
rCold    . . .     Gourm    .   (no shield)
rNeg     . . .     Faith    .   (armour unavailable)
rPois    .         Spirit   .   (helmet restricted)
rElec    .         Reflect  .   (no cloak)
rCorr    .         Harm     .   (no gloves)
MR       .....                  (no boots)
Stlth    +.........             (no amulet)
HPRegen  0.09/turn              (no ring)
MPRegen  0.10/turn              (no ring)

@: appendage (expiring)
A: unfitting armour, horns 2, cold-blooded, AC +5
a: End Transformation


You were on level 2 of the Dungeon.
You were not hungry.
You had grown temporary horns.
You visited 1 branch of the dungeon, and saw 2 of its levels.

You collected 42 gold pieces.

Inventory:

Missiles
 a - 12 arrows
Jewellery
 i - an uncursed ring of positive energy {unknown}
 l - an uncursed ring of protection from magic {unknown}
Scrolls
 b - a scroll of amnesia {unknown}
 j - a scroll of noise {unknown}
 o - a scroll of enchant armour {unknown}
 p - a scroll of remove curse {unknown}
Potions
 d - a potion of resistance {unknown}
 e - a potion of haste {unknown}
 f - a potion of heal wounds
 g - a potion of curing
 h - a potion of invisibility {unknown}
 k - a potion of brilliance {unknown}
 n - a potion of mutation {unknown}
Comestibles
 c - 2 rations


   Skills:
 + Level 2.0 Fighting
 - Level 1.7 Dodging
 * Level 3.8 Unarmed Combat
 - Level 2.0 Spellcasting
 + Level 2.5 Transmutations


You had 5 spell levels left.
You knew the following spells:

 Your Spells              Type           Power        Failure   Level  Hunger
a - Beastly Appendage     Tmut           #.....       9%          1    ##.....

Your spell library contained the following spells:

 Spells                   Type           Power        Failure   Level  Hunger
 Spider Form              Tmut/Pois      #.........   38%         3    ####...
 Blade Hands              Tmut           #.........   93%         5    ######.
 Ice Form                 Ice/Tmut       #.......     80%         4    #####..
 Sticks to Snakes         Tmut           #.......     13%         2    ###....


Dungeon Overview and Level Annotations

Branches:
Dungeon (2/15)

Altars:
Sif Muna

Annotations:
D:2 Sigmund


Innate Abilities, Weirdness & Mutations

Your plain brown scales are hard. (AC +5)
You cannot fit into any form of body armour.
You are cold-blooded and may be slowed by cold attacks.
You have a pair of horns on your head.


Message History

You completely miss something.
Your tail-slap misses something.
Something hits you.
You miss something. You closely miss something. Your headbutt misses something.
Your transformation is almost over.
Something hits you.
You miss something. Your headbutt misses something. Something hits you!
* * * LOW HITPOINT WARNING * * *
You feel much better.
You miss something. Your headbutt misses something. You tail-slap something.
Something hits you but does no damage.
You closely miss something. You headbutt something!
You completely miss something. Something hits you!
You closely miss something. Something hits you.
You closely miss something.
Your tail-slap misses something.
You closely miss something. Your headbutt misses something.
Something hits you but does no damage.
You completely miss something. Your headbutt misses something.
Something hits you!
You die...

#.#.. #... #... #..
#.......# #..
#.......#.#.#
#.......#.#{#
#.......#.#@#
#.......#.#.#
#.......#.#.#
#.......#.#.########
#.......#<#.........
####.#....#.########
#.#>.#.#.#
#........#
####.###.#


There were no monsters in sight!

Vanquished Creatures
  Jessica (D:2)
  An ooze (D:1)
  A dart slug (D:2)
  2 giant cockroaches
  A hobgoblin (D:1)
  2 kobolds (D:1)
  4 bats
  2 frilled lizards
  3 rats
17 creatures vanquished.

Notes
Turn   | Place    | Note
-------+----------+-------------------------------------------
     0 | D:1      | sking99 the Draconian Transmuter began the quest for the Orb.
     0 | D:1      | Reached XP level 1. HP: 16/16 MP: 3/3
   387 | D:1      | Reached XP level 2. HP: 19/23 MP: 5/5
   810 | D:2      | Noticed Jessica
   816 | D:2      | Killed Jessica
   816 | D:2      | Reached XP level 3. HP: 22/29 MP: 4/6
  1020 | D:2      | Found a deep blue altar of Sif Muna.
  1084 | D:2      | Noticed Sigmund
  1111 | D:2      | Slain by Sigmund

Vault maps used:
D:1:      lightli_arrival_windingriver
D:2:      lemuel_blue_sif_altar, chequers_temple_overflow_minitemple,
          uniq_jessica, uniq_sigmund

Skill      XL: |  1  2 |
---------------+-------+-----
Fighting       | 2 |  2.0
Dodging        | |  1.7
Unarmed Combat | |  3.8
Spellcasting   | |  2.0
Transmutations | |  2.5

Action                   || total
-------------------------++-------
Melee: Unarmed           ||    72
       Tailslap          ||     5
       Headbutt          ||     2
       Punch             ||     1
 Cast: Beastly Appendage ||     2
  Use: Potion            ||     3
 Stab: Sleeping          ||     1
  Eat: Chunk             ||     1
Armor: Skin              ||    28
Dodge: Dodged            ||    37

Table legend:
 A = Spawn XP
 B = Non-spawn XP
 C = Spawn XP percentage of total XP
 D = Spawn monster count
 E = Non-spawn monster count
 F = Spawn count percentage of total count
 G = Total turns spent on level
                    A         B        C        D         E        F      G
               +---------+---------+-------+---------+---------+-------+---------
         Total |       0 |      67 |   0.0 |       0 |      17 |   0.0 |  1111
               +---------+---------+-------+---------+---------+-------+---------
           D:1 |       0 |      19 |   0.0 |       0 |      10 |   0.0 |   756
           D:2 |       0 |      48 |   0.0 |       0 |       7 |   0.0 |   355
               +---------+---------+-------+---------+---------+-------+---------
